 Dungeon Crawl Stone Soup version 0.31-a0-152-g6aa68a64a1 (webtiles) character file.

Game seed: 17023255385866051362

175 qw the Shooter (level 5, -5/32 HPs)
             Began as a Gargoyle Hunter on June 11, 2023.
             Was an Initiate of Okawaru.
             Slain by an orc warrior
             ... wielding a +1 glaive of protection
              (9 damage)
             ... on level 6 of the Dungeon.
             The game lasted 00:01:00 (2769 turns).

qw the Shooter (Gargoyle Hunter)                    Turns: 2769, Time: 00:01:01

Health: -5/32      AC: 10    Str: 15    XL:     5   Next: 55%
Magic:  5/5        EV: 11    Int:  9    God:    Okawaru [......]
Gold:   84         SH:  0    Dex: 15    Spells: 4/4 levels left

rFire   . . .        Y - +0 shortbow
rCold   . . .        (shield currently unavailable)
rNeg    + + .        f - +0 ring mail
rPois   inf          (no helmet)
rElec   +            d - +0 cloak
rCorr   .            (no gloves)
SInv    .            (no boots)
Will    .....        (no amulet)
Stlth   +            g - ring of positive energy
HPRegen 0.25/turn    (no ring)
MPRegen 0.09/turn

%: no passive effects
@: no status effects
A: sickness immunity, AC +4, negative energy resistance 1, electricity
resistance, torment resistance 1, petrification resistance
a: Renounce Religion


You were on level 6 of the Dungeon.
You worshipped Okawaru.
Okawaru was noncommittal.
You visited 2 branches of the dungeon, and saw 5 of its levels.

You collected 106 gold pieces.
You spent 22 gold pieces at shops.


Innate Abilities, Weirdness & Mutations

You are immune to sickness and miasma.
Your stone body is resilient. (AC +4)
You are immune to poison.
You resist negative energy. (rN+)
You are resistant to electric shocks. (rElec)
You are resistant to unholy torment.
You are immune to petrification.


   Skills:
 + Level 3.0 Fighting
 - Level 6.2 Ranged Weapons
 - Level 1.0 Armour
 - Level 1.5 Dodging
 - Level 1.1 Stealth


You had 4 spell levels left.
You didn't know any spells.
Your spell library was empty.

Inventory:

Hand Weapons
 Y - a +0 shortbow (weapon)
Armour
 d - a +0 cloak (worn)
 f - a +0 ring mail (worn)
Jewellery
 g - a ring of positive energy (left hand)
Scrolls
 a - a scroll of fog {unknown}
 e - 2 scrolls of identify
Potions
 b - a potion of curing
 c - a potion of haste
 h - a potion of heal wounds

Dungeon Overview and Level Annotations

Branches:
Dungeon (6/15)             Temple (1/1) D:6

Altars:
Cheibriados
Fedhas
Gozag
Hepliaklqana
Kikubaaqudgha
Makhleb
Okawaru
Qazlal
Ru
Wu Jian
Xom
Yredelemnul
Zin
The Shining One

Shops:
D:1 ?

Annotations:
D:3 1 runed translucent door, qw's ghost, amateur NaHu


Message History

The orc barely misses you.
You shoot an arrow. The arrow hits the orc.
You kill the orc!
Okawaru accepts your kill.
An orc warrior comes into view.
It is wielding a +1 glaive of protection.
You shoot an arrow.
The arrow hits the orc warrior but does no damage.
You shoot an arrow.
The arrow hits the orc warrior but does no damage.
You shoot an arrow. The arrow hits the orc warrior.
The orc warrior is lightly wounded.
You shoot an arrow.
The arrow hits the orc warrior but does no damage.
The orc warrior is lightly wounded.
You shoot an arrow.
The arrow hits the orc warrior but does no damage.
The orc warrior is lightly wounded.
An orc comes into view. It is wielding a +0 hand axe.
An orc comes into view. It is wielding a +0 club.
The orc warrior misses you.
The orc warrior hits you from afar with a +1 glaive of protection.
You shoot an arrow.
The arrow barely misses the orc warrior.
The orc shouts!
The orc warrior closely misses you.
You shoot an arrow.
The arrow closely misses the orc warrior.
The orc warrior hits you from afar with a +1 glaive of protection.
You shoot an arrow.
The arrow hits the orc warrior but does no damage.
The orc warrior is lightly wounded.
The orc warrior drinks a potion.
The orc warrior seems to speed up.
You shoot an arrow. The arrow hits the orc warrior.
The orc warrior is moderately wounded.
The orc warrior hits you from afar with a +1 glaive of protection. x2
You shoot an arrow.
The arrow hits the orc warrior but does no damage.
The orc warrior is moderately wounded.
The orc warrior hits you from afar with a +1 glaive of protection! x2
You die...

#..>..# #.....#
#8...8# ###'### ##.##
##~¤~##
####+######~.~~¤# ###
......o#.#~¤~.~¤##..#
.....oo@.#¤~¤¤.###..#
......)#.##~~..###..#
....>..#.##¤~...##..#
.......#.###....##..#
.......#............#
.......#............#
.##...##.....##.....#
#...##.....########
#.............#


You could see an orc warrior (fast) and 2 orcs.

Vanquished Creatures
  A hound (D:6)
  4 gnolls (D:3)
  2 adders
  3 worms
  A dart slug (D:3)
  3 orcs
  4 bats
  5 endoplasms
  7 giant cockroaches
  2 goblins
  2 hobgoblins
  6 jackals
  7 kobolds
  5 quokkas
  8 ball pythons
  5 frilled lizards
  9 rats
74 creatures vanquished.

Notes
Turn   | Place    | Note
-------+----------+-------------------------------------------
     0 | D:1      | qw the Gargoyle Hunter began the quest for the Orb.
     0 | D:1      | Reached XP level 1. HP: 12/12 MP: 1/1
     0 | D:1      | 0 ||| qw: Version: 0.2-a-29-g7dc7884
     0 | D:1      | 0 ||| qw: Game counter: 4032
     0 | D:1      | 0 ||| qw: Always use a shield: true
     0 | D:1      | 0 ||| qw: God list: Okawaru
     0 | D:1      | 0 ||| qw: Allow faded altars: false
     0 | D:1      | 0 ||| qw: Do Orc after D:15 true
     0 | D:1      | 0 ||| qw: Do second Lair branch before Depths: true
     0 | D:1      | 0 ||| qw: Lair rune preference: random
     0 | D:1      | 0 ||| qw: Plans: Normal, Zot:1-4, Slime:5, God:TSO, Crypt,
                  | Tomb, Abyss, Pan, Hells, Win
     0 | D:1      | 0 ||| PLANNING D:1-11
    29 | D:1      | HP: 3/12 [jackal (1)]
   125 | D:1      | Reached XP level 2. HP: 17/17 MP: 2/2
   470 | D:1      | Found Pone's Magic Scroll Shoppe.
   473 | D:1      | 473 ||| SHOPLISTING scroll of enchant armour (82 gold, have
                  | 27).
   473 | D:1      | 473 ||| BUYING scroll of identify (22 gold).
   473 | D:1      | Bought a scroll of identify for 22 gold pieces
   473 | D:1      | 473 ||| SHOPLISTING scroll of identify (22 gold, have 5).
   473 | D:1      | 473 ||| SHOPLISTING scroll of teleportation (33 gold, have
                  | 5).
   538 | D:1      | Reached XP level 3. HP: 21/21 MP: 3/3
   572 | D:1      | Reached skill level 5 in Ranged Weapons
  1087 | D:1      | 1087 ||| UPGRADING to +0 cloak.
  1092 | D:1      | 1092 ||| UPGRADING to +0 ring mail.
  1102 | D:1      | 1102 ||| DROPPING +0 leather armour.
  1103 | D:1      | 1103 ||| DROPPING scroll of butterflies.
  1163 | D:2      | 1163 ||| STAIRDANCE
  1356 | D:2      | Reached skill level 1 in Armour
  1468 | D:2      | Reached XP level 4. HP: 27/27 MP: 4/4
  1473 | D:2      | Reached skill level 3 in Fighting
  1795 | D:2      | 1795 ||| UPGRADING to ring of positive energy.
  1796 | D:2      | 1796 ||| READING scroll labelled UDDEUBOTAO.
  1797 | D:2      | 1797 ||| READING scroll labelled SUDADW HEMNOOWOX.
  1800 | D:2      | 1800 ||| READING scroll labelled GUNORH CIUNN.
  2185 | D:3      | Reached XP level 5. HP: 27/32 MP: 5/5
  2315 | D:3      | Found a runed translucent door.
  2316 | D:3      | Noticed qw's ghost (amateur NaHu)
  2414 | D:3      | You fall into a shaft and drop 3 floors!
  2414 | D:6      | Found a staircase to the Ecumenical Temple.
  2415 | D:6      | 2415 ||| PLANNING TEMPLE
  2415 | D:6      | 2415 ||| READING scroll labelled FUHUTU ATUSHRE.
  2416 | D:6      | 2416 ||| READING 2 scrolls labelled HEIDUU WOSH.
  2417 | D:6      | 2417 ||| DRINKING 2 coppery potions.
  2418 | D:6      | 2418 ||| READING 3 scrolls of identify.
  2418 | D:6      | 2418 ||| IDENTIFYING pink potion
  2419 | D:6      | 2419 ||| DROPPING scroll of blinking.
  2423 | Temple   | Entered the Ecumenical Temple
  2504 | Temple   | 2504 ||| PLANNING OKAWARU WORSHIP
  2689 | Temple   | Became a worshipper of Warmaster Okawaru
  2689 | Temple   | 2689 ||| PLANNING D:1-11
  2758 | D:6      | Reached skill level 6 in Ranged Weapons
  2759 | D:6      | Noticed an orc warrior
  2769 | D:6      | HP: 4/32 [orc warrior/+1 glaive of protection (15)]
  2769 | D:6      | Slain by an orc warrior

Levels and vault maps discovered:
D:1:      lemuel_arrival_lava_pool, layout_loops_corners, serial_shops,
          nicolae_shop_rolled_up
D:2:      layout_loops_ring, minmay_worlds_worst_comb
D:3:      layout_basic, hellmonk_ghost_happy_afterlife, uniq_ijyb
D:6:      layout_gridville, lemuel_round_altar, minmay_temple_entry_fiery,
          nicolae_half_adder
Temple:   minmay_temple_curvy_branch

Skill      XL: |  1  2  3  4  5 |
---------------+----------------+-----
Ranged Weapons | 5 6 |  6.2
Armour         | 1 |  1.0
Fighting       | 3 |  3.0
Dodging        | |  1.5
Stealth        | |  1.1

Action                     |  1- 3 |  4- 6 || total
---------------------------+-------+-------++-------
   Fire: Shortbow          |   135 |    92 ||   227
    Use: Scroll            |       |     6 ||     6
         Potion            |       |     1 ||     1
 Armour: Leather armour    |    20 |       ||    20
         Ring mail         |    12 |    16 ||    28
  Dodge: Dodged            |    46 |    20 ||    66

Table legend:
 A = Non-vault XP
 B = Vault XP
 C = Vault XP percentage of total XP
 D = Non-vault monster count
 E = Vault monster count
 F = Vault count percentage of total count
                 A         B        C        D         E       F
            +---------+---------+-------+---------+---------+-------
      Total |     243 |       8 |   3.2 |      70 |       4 |   5.4
            +---------+---------+-------+---------+---------+-------
        D:1 |      51 |       0 |   0.0 |      31 |       0 |   0.0
        D:2 |      47 |       8 |  14.5 |      19 |       4 |  17.4
        D:3 |     100 |       0 |   0.0 |      18 |       0 |   0.0
        D:6 |      45 |       0 |   0.0 |       2 |       0 |   0.0
            +---------+---------+-------+---------+---------+-------
